 Dungeon Sprint DCSS version 0.27.1-1-g398f81649c (webtiles) character file.

Game seed: 12006839407061607257

4349 styxcanada the Imperceptible (level 10, -7/53 HPs)
             Began as a Spriggan Brigand on Sept 10, 2021.
             Was an Initiate of Gozag.
             Mangled by a demonic crawler (9 damage)
             ... in the Dungeon (Sprint IV: "Fedhas' Mad Dash").
             The game lasted 00:11:09 (1333 turns).

styxcanada the Imperceptible (Spriggan Brigand)     Turns: 1333, Time: 00:11:10

Health: -7/53      AC: 13    Str:  7    XL:     10   Next: 12%
Magic:  19/19      EV: 14    Int: 15    God:    Gozag
Gold:   800        SH:  0    Dex: 20    Spells: 12/20 levels left

rFire    + + .     SeeInvis +   q - +6 short sword (protect)
rCold    x . .     Faith    .   (shield restricted)
rNeg     . . .     Spirit   .   j - +1 fire dragon scales of Vexation {rF++ rC- Int+2}
rPois    .         Reflect  .   (helmet restricted)
rElec    .         Harm     .   c - +0 cloak
rCorr    .         Rampage  .   (gloves unavailable)
Will     +....     NoTele   +   (boots unavailable)
Stlth    +++++++...             l - amulet of invisibility {+Inv}
HPRegen  0.17/turn              (no ring)
MPRegen  0.16/turn              (no ring)

@: mighty, under a protective aura, very slightly contaminated, invisible
(expiring), very quick
A: very small, no large weapons, unfitting armour, see invisible, speed 3,
deformed body
a: Renounce Religion, Evoke Invisibility, Potion Petition, Call Merchant, Bribe
Branch


You were in the Dungeon.
You worshipped Gozag.
Gozag was pleased with you.
You visited 1 branch You collected 1944 gold pieces.
You spent 1144 gold pieces at shops.

Inventory:

Hand Weapons
 a - a +2 dagger
 n - a +0 rapier of venom
 q - a +6 short sword of protection (weapon)
Missiles
 d - 25 poisoned darts (quivered)
 e - 2 curare-tipped darts
Armour
 b - a +0 robe
 c - a +0 cloak (worn)
 j - the +1 fire dragon scales of Vexation (worn) {rF++ rC- Int+2}
   (You found it in the Dungeon)

   Int:       It affects your intelligence (+2).
   rF:        It greatly protects you from fire.
   rC:        It makes you vulnerable to cold.
Jewellery
 l - the amulet of invisibility (around neck) {+Inv}
   (You found it in the Dungeon)

   [amulet of nothing]

   +Inv:      It lets you turn invisible.
Wands
 m - a wand of flame (19)
Scrolls
 k - a scroll of blinking
Potions
 f - 3 potions of curing
 g - 4 potions of heal wounds
 h - 2 potions of haste
 i - 2 potions of magic
 p - a potion of mutation {unknown}


   Skills:
 * Level 6.1 Fighting
 + Level 5.6 Short Blades
 + Level 4.3 Throwing
 * Level 1.4 Armour
 * Level 9.9 Dodging
 * Level 22.3 Stealth
 * Level 5.5 Spellcasting
 * Level 3.2 Conjurations
 * Level 5.4 Transmutations
 * Level 3.3 Fire Magic
 * Level 3.6 Air Magic
 * Level 4.0 Poison Magic
 * Level 9.8 Evocations


You had 12 spell levels left.
You knew the following spells:

 Your Spells              Type           Power      Damage    Failure   Level
a - Mephitic Cloud        Conj/Pois/Air  15%        N/A       91%         3
b - Ignite Poison         Fire/Tmut/Pois 16%        N/A       86%         3
c - Poisonous Vapours     Pois/Air       30%        N/A       69%         2

Your spell library contained the following spells:

 Spells                   Type           Power      Damage    Failure   Level
 Corpse Rot               Necr/Air       N/A        N/A       92%         2
 Summon Small Mammal      Summ           16%        N/A       97%         1
 Call Canine Familiar     Summ           4%         N/A       100%        3
 Summon Guardian Golem    Hex/Summ       4%         N/A       100%        3
 Bolt of Magma            Conj/Fire/Erth 5%         4d5       100%        5
 Freezing Cloud           Conj/Ice/Air   5%         6-21      100%        5


Dungeon Overview and Level Annotations

Branches:
Dungeon (1/1)

Altars:
Cheibriados
Dithmenos
Elyvilon
Gozag
Hepliaklqana
Kikubaaqudgha
Makhleb
Nemelex Xobeh
Okawaru
Qazlal
Ru
Sif Muna
Trog
Uskayaw
Vehumet
Wu Jian
Xom
Yredelemnul
Zin
The Shining One
Beogh
Jiyva
Lugonu

Shops:
D (!=:


Innate Abilities, Weirdness & Mutations

You are very small and have problems with some larger weapons.
You are too small for most types of armour.
You have supernaturally acute eyesight. (SInv)
You cover ground extremely quickly. (Speed+++)
Armour fits poorly on your strangely shaped body.


Message History

The demonic crawler hits you.
There is an open door, spattered with blood here.
You hit the demonic crawler.
Your weapon exudes an aura of protection.
The demonic crawler is lightly wounded.
The demonic crawler completely misses you.
The demonic crawler hits you! The demonic crawler barely misses you.
You hit the demonic crawler.
The demonic crawler is lightly wounded.
The demonic crawler barely misses you.
The demonic crawler closely misses you. x2
You barely miss the demonic crawler.
The demonic crawler is lightly wounded.
The demonic crawler closely misses you.
The demonic crawler completely misses you.
The demonic crawler misses you.
You hit the demonic crawler but do no damage.
The demonic crawler is lightly wounded.
The demonic crawler hits you! The demonic crawler misses you.
The demonic crawler closely misses you.
You hit the demonic crawler but do no damage.
The demonic crawler is lightly wounded.
The demonic crawler hits you but does no damage.
The demonic crawler misses you. The demonic crawler closely misses you.
Your fire dragon scales of Vexation prevents you from hitting the demonic crawler.
The demonic crawler is lightly wounded.
The demonic crawler closely misses you.
The demonic crawler hits you but does no damage.
The demonic crawler barely misses you.
You feel very mighty all of a sudden. The demonic crawler hits you. x4
* * * LOW HITPOINT WARNING * * *
The demonic crawler closely misses you. The demonic crawler barely misses you.
You hit the demonic crawler.
The demonic crawler is lightly wounded.
You flicker for a moment.
The demonic crawler barely misses you. The demonic crawler hits you!
* * * LOW HITPOINT WARNING * * *
The demonic crawler hits you!
You die...
Your body crumbles into a pile of gold.

#####################
._.⌠.#..'...#....##∩#
_._..'..#...#....'..#
._...#..###'##...##∩#$$
_._..#.)##∩∩.'...####
._.⌠.#############
##########......###
.###.'..'.......@s+
♣##..#..#.P.....###
.###.##+##.P....#
♣'...# ######## ######


You could see a demonic crawler.

Vanquished Creatures
  A spriggan druid (D)
  6 oklob plants (D)
  A queen bee (D)
  3 wandering mushrooms (D)
  3 burning bushes (D)
  3 scorpions (D)
  4 killer bees (D)
  5 oklob saplings (D)
  2 spriggans (D)
  A river rat (D)
  A rat (D)
  A ballistomycete spore (D)
31 creatures vanquished.

Notes
Turn   | Place    | Note
-------+----------+-------------------------------------------
     0 | D        | styxcanada the Spriggan Brigand began the quest for the
                  | Orb.
     0 | D        | Reached XP level 1. HP: 10/10 MP: 2/2
     9 | D        | Reached skill level 7 in Stealth
     9 | D        | Reached XP level 2. HP: 15/15 MP: 3/3
    10 | D        | Reached skill level 8 in Stealth
    15 | D        | Noticed an oklob sapling
    17 | D        | Killed an oklob sapling
    18 | D        | Reached skill level 10 in Stealth
    18 | D        | Reached XP level 3. HP: 18/18 MP: 4/4
    19 | D        | Noticed a scorpion
    19 | D        | Found the amulet of invisibility {+Inv}
    21 | D        | Killed a scorpion
    22 | D        | Reached skill level 12 in Stealth
    22 | D        | Reached XP level 4. HP: 23/23 MP: 5/5
    51 | D        | Found an opulent altar of Gozag.
    51 | D        | Found a hazy altar of Hepliaklqana.
    51 | D        | Found a burning altar of Makhleb.
    51 | D        | Found a sparkling altar of Nemelex Xobeh.
    51 | D        | Found a snail-covered altar of Cheibriados.
    51 | D        | Found a sacrificial altar of Ru.
    51 | D        | Found a shimmering blue altar of Sif Muna.
    51 | D        | Found a shimmering altar of Xom.
    51 | D        | Found a basalt altar of Yredelemnul.
    52 | D        | Found a viscous altar of Jiyva.
    52 | D        | Found a bloodstained altar of Trog.
    52 | D        | Found an ornate altar of the Wu Jian Council.
    53 | D        | Found an iron altar of Okawaru.
    53 | D        | Found a shadowy altar of Dithmenos.
    53 | D        | Found a glowing silver altar of Zin.
    54 | D        | Found an ancient bone altar of Kikubaaqudgha.
    54 | D        | Found a hide-covered altar of Uskayaw.
    55 | D        | Found a stormy altar of Qazlal.
    55 | D        | Found a white marble altar of Elyvilon.
    55 | D        | Found a glowing golden altar of the Shining One.
    56 | D        | Became a worshipper of Gozag Ym Sagoz the Greedy
    57 | D        | Found a corrupted altar of Lugonu.
    57 | D        | Found a radiant altar of Vehumet.
    62 | D        | Reached skill level 13 in Stealth
    62 | D        | Reached XP level 5. HP: 28/28 MP: 3/6
    74 | D        | Reached skill level 14 in Stealth
    74 | D        | Reached skill level 1 in Evocations
   111 | D        | Reached skill level 5 in Dodging
   111 | D        | Reached skill level 15 in Stealth
   137 | D        | Reached XP level 6. HP: 9/33 MP: 7/7
   220 | D        | Found Niokan's Distillery.
   221 | D        | Found Xolun's Weapon Emporium.
   227 | D        | Bought 2 potions of heal wounds for 130 gold pieces
   227 | D        | Bought a potion of might for 52 gold pieces
   233 | D        | Noticed a burning bush
   233 | D        | Noticed a wandering mushroom
   234 | D        | Noticed a wandering mushroom
   237 | D        | Killed a burning bush
   238 | D        | Reached skill level 17 in Stealth
   480 | D        | Killed a wandering mushroom
   481 | D        | Reached skill level 18 in Stealth
   481 | D        | Reached XP level 7. HP: 38/38 MP: 5/8
   484 | D        | Reached skill level 19 in Stealth
   654 | D        | Found Buythromm's Book Emporium.
   654 | D        | Found Ponwuyr's Jewellery Shoppe.
   663 | D        | Bought a Trismegistus Codex for 392 gold pieces
   680 | D        | Learned a level 3 spell: Mephitic Cloud
   684 | D        | Learned a level 3 spell: Ignite Poison
   712 | D        | Noticed a queen bee
   719 | D        | Killed a queen bee
   720 | D        | Reached skill level 5 in Fighting
   720 | D        | Reached skill level 5 in Short Blades
   720 | D        | Reached skill level 1 in Spellcasting
   720 | D        | Reached skill level 1 in Transmutations
   720 | D        | Reached skill level 1 in Poison Magic
   720 | D        | Reached skill level 5 in Evocations
   720 | D        | Reached XP level 8. HP: 43/43 MP: 7/11
   721 | D        | Reached skill level 1 in Air Magic
   724 | D        | Reached skill level 1 in Conjurations
   724 | D        | Reached skill level 1 in Fire Magic
   726 | D        | Reached skill level 20 in Stealth
   783 | D        | Noticed an oklob plant
   786 | D        | Killed an oklob plant
   797 | D        | Noticed a burning bush
   819 | D        | Killed a burning bush
   825 | D        | Gained mutation: Armour fits poorly on your strangely
                  | shaped body. [mutagenic glow]
   996 | D        | Noticed a burning bush
   996 | D        | Noticed an oklob plant
   997 | D        | Noticed a wandering mushroom
   998 | D        | Killed a burning bush
   999 | D        | Reached XP level 9. HP: 47/47 MP: 11/15
  1003 | D        | Killed an oklob plant
  1004 | D        | Reached skill level 21 in Stealth
  1007 | D        | Killed a wandering mushroom
  1012 | D        | Identified the +1 fire dragon scales of Vexation {rF++ rC-
                  | Int+2}
  1056 | D        | Noticed a spriggan druid
  1058 | D        | Killed a spriggan druid
  1133 | D        | Noticed an oklob plant conjurer
  1134 | D        | Killed an oklob plant conjurer
  1208 | D        | Bought a +6 short sword of protection for 427 gold pieces
  1212 | D        | Bought a potion of curing for 39 gold pieces
  1212 | D        | Bought a potion of curing for 39 gold pieces
  1212 | D        | Bought a potion of heal wounds for 65 gold pieces
  1223 | D        | Learned a level 2 spell: Poisonous Vapours
  1294 | D        | Noticed an oklob plant
  1294 | D        | Noticed an oklob plant summoner
  1295 | D        | Noticed an oklob plant shifter
  1299 | D        | Killed an oklob plant
  1300 | D        | Reached skill level 1 in Armour
  1300 | D        | Reached skill level 22 in Stealth
  1300 | D        | Reached skill level 5 in Spellcasting
  1300 | D        | Reached skill level 5 in Transmutations
  1301 | D        | Killed an oklob plant summoner
  1302 | D        | Reached XP level 10. HP: 53/53 MP: 16/19
  1304 | D        | Killed an oklob plant shifter
  1333 | D        | HP: 2/53 [demonic crawler (8)]
  1333 | D        | Mangled by a demonic crawler

Illustrated notes

Levels and vault maps discovered:
D:        dungeon_sprint_fedhas [sprint_temple]

Skill      XL: |  1  2  3  4  5  6  7  8  9 10 |
---------------+-------------------------------+-----
Fighting       | 2 3 4 5 6 |  6.1
Dodging        | 2 3 4 5 7 8 9 |  9.9
Stealth        | 7 10 12 13 15 18 19 20 22 | 22.3
Short Blades   | 3 4 5 |  5.6
Evocations     | 1 3 5 7 9 |  9.8
Throwing       | 3 4 |  4.3
Spellcasting   | 1 3 5 |  5.5
Transmutations | 1 3 5 |  5.4
Poison Magic   | 1 2 3 4 |  4.0
Air Magic      | 2 3 |  3.6
Conjurations   | 2 3 |  3.2
Fire Magic     | 2 3 |  3.3
Armour         | 1 |  1.4

Action                   |  1- 3 |  4- 6 |  7- 9 | 10-12 || total
-------------------------+-------+-------+-------+-------++-------
Melee: Dagger            |     4 |    10 |    30 |       ||    44
       Short sword       |       |       |     2 |     8 ||    10
Throw: Dart              |       |     7 |       |       ||     7
 Abil: Evoke Invisibilit |       |     4 |     7 |       ||    11
  Use: Potion            |       |       |     1 |     1 ||     2
 Stab: Sleeping          |     3 |     3 |    17 |     1 ||    24
       Invisible         |       |     1 |     2 |       ||     3
Armor: Fire dragon scale |       |       |       |     3 ||     3
Dodge: Dodged            |       |     7 |     4 |    17 ||    28
